 Dungeon Crawl Stone Soup version 0.28.0-53-g5a82cb258f (webtiles) character file.

Game seed: 16649759730642899869

2236 Duralumin the Cleaver (level 9, -2/97 HPs)
             Began as a Formicid Fighter on June 13, 2022.
             Was a Follower of Okawaru.
             Slain by a boulder beetle (12 damage)
             ... on level 7 of the Dungeon.
             The game lasted 00:21:33 (7147 turns).

Duralumin the Cleaver (Formicid Fighter)            Turns: 7147, Time: 00:21:39

Health: -2/97      AC: 24    Str: 26    XL:     9   Next: 63%
Magic:  8/9        EV:  2    Int:  7    God:    Okawaru [*.....]
Gold:   423        SH:  4    Dex: 10    Spells: 8/8 levels left

rFire   . . .      SeeInvis .   a - +0 war axe
rCold   . . .      Faith    .   c - +0 buckler
rNeg    . . .      Spirit   .   (armour currently unavailable)
rPois   +          Reflect  .   (helmet unavailable)
rElec   .          Harm     .   (cloak currently unavailable)
rCorr   +          Rampage  .   (gloves currently unavailable)
Will    .....                   (boots currently unavailable)
Stlth   +.........              y - amulet of regeneration
HPRegen 1.06/turn               e - ring of resist corrosion
MPRegen 0.11/turn               (no ring)

@: mighty, tree-form
A: stationary, stasis, torment immunity, boosted hp, permanent stasis, dig
shafts and tunnels, (antennae 3), four strong arms
a: Renounce Religion, Heroism


You were on level 7 of the Dungeon.
You worshipped Okawaru.
Okawaru was aware of your devotion.
You were a tree.
You visited 2 branches of the dungeon, and saw 8 of its levels.

You collected 423 gold pieces.

Inventory:

Hand Weapons
 a - a +0 war axe (weapon)
 n - a +1 flail of protection
 r - a +0 mace of protection
 z - a +6 trident
 A - a +4 dire flail
 C - a +1 whip of freezing
Missiles
 i - 3 boomerangs (quivered)
 p - 71 bolts
Armour
 c - a +0 buckler (worn)
 f - a +1 chain mail of poison resistance (melded)
 j - a +2 cloak (melded)
 s - a +0 pair of boots (melded)
 w - a +0 pair of gloves (melded)
Jewellery
 e - a ring of resist corrosion (left branch)
 h - a ring of magical power
 y - an amulet of regeneration (around neck)
 E - an amulet of faith
Wands
 B - a wand of paralysis (5)
Scrolls
 b - a scroll of vulnerability
 g - a scroll of fear {unknown}
 k - a scroll of enchant weapon
 o - a scroll of enchant armour {unknown}
 u - a scroll of silence {unknown}
 x - a scroll of immolation {unknown}
Potions
 d - a potion of might
 m - a potion of lignification
 t - a potion of flight
 D - a potion of magic {unknown}
 F - a potion of mutation {unknown}
 G - a potion of curing {unknown}


   Skills:
 - Level 4.0 Fighting
 + Level 11.8 Axes
 - Level 3.9 Armour
 - Level 4.3 Shields


You had 8 spell levels left.
You didn't know any spells.
Your spell library contained the following spells:

 Spells                   Type           Power      Damage    Failure   Level
 Slow                     Hex            0%         N/A       50%         1
 Static Discharge         Conj/Air       0%         N/A       65%         2
 Confusing Touch          Hex            0%         N/A       86%         3
 Conjure Flame            Conj/Fire      0%         6-21      86%         3
 Ignite Poison            Fire/Tmut/Pois 0%         N/A       86%         3
 Vampiric Draining        Necr           0%         2d6       86%         3
 Anguish                  Hex/Necr       0%         N/A       99%         4
 Dispel Undead            Necr           0%         3d6       99%         4
 Hailstorm                Conj/Ice       0%         3d3       99%         4
 Ice Form                 Ice/Tmut       0%         N/A       99%         4
 Sticky Flame             Conj/Fire      0%         2d3       99%         4
 Fireball                 Conj/Fire      0%         3d3       100%        5
 Freezing Cloud           Conj/Ice/Air   0%         6-21      100%        5
 Iskenderun's Battlesphe  Conj           0%         2d6       100%        5
 Conjure Ball Lightning   Conj/Air       0%         3x3d6     100%        6
 Enfeeble                 Hex            0%         N/A       100%        7
 Orb of Destruction       Conj           0%         9d5       100%        7
 Polar Vortex             Ice            0%         N/A       100%        9
 Summon Small Mammal      Summ           Unusable   N/A       N/A         1
 Call Canine Familiar     Summ           Unusable   N/A       N/A         3
 Summon Guardian Golem    Hex/Summ       Unusable   N/A       N/A         3
 Tukima's Dance           Hex            Unusable   N/A       N/A         3
 Simulacrum               Ice/Necr       Unusable   N/A       N/A         6

Dungeon Overview and Level Annotations

Branches:
Dungeon (7/15)             Temple (1/1) D:6

Altars:
Ashenzari
Dithmenos
Elyvilon
Gozag
Kikubaaqudgha
Okawaru
Sif Muna
Uskayaw
Yredelemnul
Zin
The Shining One


Innate Abilities, Weirdness & Mutations

You are a tree.
Your roots penetrate the ground, keeping you stationary.
You cannot be teleported.
You are immune to unholy pain and torment.
Your maximum health is greatly increased.
Your equipment is partially melded.
You cannot be hasted, slowed, berserked, paralysed or teleported.
You can dig through walls and to a lower floor.
((You have a pair of large antennae on your head. (SInv)))
Your four strong arms can wield two-handed weapons with a shield.


Message History

You hit the boulder beetle but do no damage.
The boulder beetle is lightly wounded.
The boulder beetle bites you but does no damage.
You hit the boulder beetle but do no damage.
The boulder beetle is lightly wounded.
You barely miss the boulder beetle.
The boulder beetle is lightly wounded.
The boulder beetle bites you but does no damage.
You feel much better. The boulder beetle bites you!
You slash the boulder beetle!
The boulder beetle is moderately wounded.
The boulder beetle leaps!
Okay, then.
Found 9 gold pieces.
The howler monkey zombie hits you but does no damage.
The boulder beetle leaps!
You slice the howler monkey zombie!!
The howler monkey zombie is almost destroyed.
The howler monkey zombie closely misses you.
You closely miss the howler monkey zombie.
The howler monkey zombie is almost destroyed.
The howler monkey zombie barely misses you.
You slash the howler monkey zombie!
You destroy the howler monkey zombie!
Okawaru accepts your kill.
You feel like a meek peon again.
The boulder beetle curls into a ball and begins rolling!
You slash the boulder beetle!
The boulder beetle is moderately wounded.
The boulder beetle hits you!!
* * * LOW HITPOINT WARNING * * *
The boulder beetle stops rolling and uncurls.
Really quaff the potion of lignification?
You turn into a tree.
Your +2 cloak melds into your body.
Your +0 pair of gloves melds into your body.
Your +0 pair of boots melds into your body.
Your +1 chain mail of poison resistance melds into your body.
You no longer feel resistant to poison.
Your roots penetrate the ground.
The boulder beetle bites you!
You die...

...........# #.##.##.
..°/.......# #....##.
...°°......# #.#####.
.....°.....# #.......
......B....###########.
....$..○........ #.....
.#######○#.#### #.####
..#######°# #.#
.......♣B)#### #.#.#
.............# #.#.#
..........##.# #.#.#
..........##.# #.#.#
..........##.# #.#.#
..........##.####(#.#
..........##......#.#
..........#####.....#
########.....#####


You could see a boulder beetle.

Vanquished Creatures
  Pikel (D:6)
  Maggie (D:7)
  A water moccasin (D:5)
  An ice beast (D:7)
  A centaur (D:6)
  A bullfrog (D:7)
  A scorpion (D:3)
  A water moccasin skeleton (D:7)
  5 wights (D:6)
  A howler monkey (D:6)
  A bullfrog zombie (D:7)
  2 orc priests
  2 bullfrog skeletons
  4 hounds
  3 iguanas
  Jessica (D:2)
  3 orc wizards
  A killer bee zombie (D:6)
  A hound skeleton (D:4)
  A howler monkey zombie (D:7)
  12 gnolls
  8 adders
  An ufetubus (D:7)
  5 worms
  3 dart slugs
  28 orcs
  8 ball pythons
  6 endoplasms
  2 giant cockroaches (D:1)
  5 goblins
  6 hobgoblins
  7 kobolds
  5 quokkas
  6 bats
  2 frilled lizards (D:3)
  5 rats
142 creatures vanquished.

Vanquished Creatures (others)
  9 plants (D:3)
9 creatures vanquished.

Grand Total: 151 creatures vanquished

Notes
Turn   | Place    | Note
-------+----------+-------------------------------------------
     0 | D:1      | Duralumin the Formicid Fighter began the quest for the Orb.
     0 | D:1      | Reached XP level 1. HP: 18/18 MP: 1/1
   170 | D:1      | Reached XP level 2. HP: 23/24 MP: 2/2
   976 | D:2      | Reached XP level 3. HP: 17/29 MP: 3/3
  1209 | D:2      | Reached XP level 4. HP: 29/37 MP: 4/4
  1225 | D:2      | HP: 1/37 [gnoll/+0 flail (2)]
  1227 | D:2      | Reached skill level 3 in Axes
  1587 | D:2      | Reached XP level 5. HP: 42/42 MP: 5/5
  2012 | D:2      | Reached skill level 4 in Axes
  2039 | D:2      | Noticed Jessica
  2045 | D:2      | Killed Jessica
  2164 | D:2      | Reached XP level 6. HP: 48/48 MP: 6/6
  2486 | D:3      | Reached skill level 5 in Axes
  2944 | D:3      | Found a faded altar of an unknown god.
  3056 | D:3      | Reached XP level 7. HP: 54/54 MP: 7/7
  3090 | D:3      | Reached skill level 6 in Axes
  4188 | D:5      | Entered Level 5 of the Dungeon
  4474 | D:5      | Reached skill level 7 in Axes
  4772 | D:5      | Noticed a water moccasin
  4786 | D:5      | Killed a water moccasin
  5128 | D:6      | Reached XP level 8. HP: 60/60 MP: 8/8
  5294 | D:6      | Reached skill level 8 in Axes
  5945 | D:6      | Reached skill level 9 in Axes
  6129 | D:6      | Noticed Pikel
  6143 | D:6      | Killed Pikel
  6144 | D:6      | Reached skill level 10 in Axes
  6144 | D:6      | Reached XP level 9. HP: 44/65 MP: 9/9
  6574 | D:6      | Found a staircase to the Ecumenical Temple.
  6583 | Temple   | Entered the Ecumenical Temple
  6655 | Temple   | Became a worshipper of Warmaster Okawaru
  6867 | D:7      | Reached skill level 11 in Axes
  7113 | D:7      | Noticed a boulder beetle
  7122 | D:7      | Noticed Maggie
  7127 | D:7      | Killed Maggie
  7127 | D:7      | Reached * piety under Okawaru
  7147 | D:7      | Slain by a boulder beetle

Illustrated notes

Levels and vault maps discovered:
D:1:      scummos_arrival_simple_crosswalls, layout_basic, corner_web_ring,
          grunt_decor_arrowhead, minmay_cut_off
D:2:      layout_basic, minmay_randomly_rotated_circles, uniq_jessica
D:3:      layout_loops_ring, dilly_ecumenical_altar_fadedgnrine
D:4:      layout_cave_pools, serial_park_tiny_1
D:5:      layout_rooms, nicolae_wormholes
D:6:      layout_loops_corners, temple_hall, uniq_pikel
D:7:      layout_basic, minmay_statues_item, uniq_maggie
Temple:   mainiacjoe_temple_hex_bubbles

Skill      XL: |  1  2  3  4  5  6  7  8  9 |
---------------+----------------------------+-----
Shields        | 4 |  4.3
Fighting       | 4 |  4.0
Axes           | 3 4 5 7 10 11 | 11.8
Armour         | |  3.9

Action                   |  1- 3 |  4- 6 |  7- 9 || total
-------------------------+-------+-------+-------++-------
Melee: War axe           |    70 |   141 |   256 ||   467
Throw: Boomerang         |       |     6 |     1 ||     7
Invok: Heroism           |       |       |     1 ||     1
 Abil: Dig               |       |       |     1 ||     1
  Use: Potion            |       |     1 |     4 ||     5
       Scroll            |       |       |     8 ||     8
Armor: Chain mail        |    55 |    77 |   126 ||   258
       Skin              |       |     6 |       ||     6
Dodge: Dodged            |    31 |    59 |    87 ||   177
Block: Buckler           |    22 |    27 |    53 ||   102
